 Dungeon Crawl Stone Soup version 0.31.0-11-ge490571c62 (webtiles) character file.

Game seed: 12316945495993997863

103 Gadfly the Insei (level 4, 0/35 HPs)
             Began as a Demonspawn Monk on Feb 2, 2024.
             Slain by Duvessa
             ... wielding a +1 short sword of venom
              (12 damage)
             ... on level 4 of the Dungeon.
             The game lasted 00:03:43 (2451 turns).

Gadfly the Insei (Demonspawn Monk)                  Turns: 2451, Time: 00:03:43

Health: 0/35       AC:  2    Str: 14    XL:     4   Next: 51%
Magic:  4/4        EV: 13    Int: 10    God:
Gold:   157        SH:  5    Dex: 15    Spells: 3/3 levels left

rFire   . .          .
                       - Unarmed
rCold   . . .        (no shield)
rNeg    . . .        a - +0 robe
rPois   .            (no helmet)
rElec   .            (no cloak)
rCorr   .            (no gloves)
SInv    .            (no boots)
Will    .....        d - amulet of reflection
Stlth   +            (no ring)
HPRegen 0.25/turn    (no ring)
MPRegen 0.09/turn

%: reflection
@: lethally poisoned (0 -> -11)
A: claws 1
a: no special abilities


You were on level 4 of the Dungeon.
You visited 1 branch of the dungeon, and saw 4 of its levels.

You collected 157 gold pieces.

Inventory:

Armour
 a - a +0 robe (worn)
 c - an orb of light
Jewellery
 d - an amulet of reflection (around neck)
Scrolls
 f - 2 scrolls of identify
Potions
 b - 2 potions of ambrosia
 e - a potion of cancellation
 i - a potion of enlightenment


   Skills:
 - Level 3.0 Fighting
 + Level 3.1 Dodging
 * Level 3.4 Unarmed Combat
 * Level 2.0 Evocations
 * Level 1.6 Shapeshifting


You had 3 spell levels left.
You didn't know any spells.
Your spell library contained the following spells:

 Spells                   Type           Power      Damage    Failure   Level
 Hailstorm                Conj/Ice       0%         3d5       75%         3
 Summon Ice Beast         Ice/Summ       0%         N/A       75%         3
 Sculpt Simulacrum        Ice/Alch       0%         N/A       100%        6


Dungeon Overview and Level Annotations

Branches:
Dungeon (4/15)
 Temple: D:4-7

Altars:
Okawaru

Annotations:
D:4 Dowan, Duvessa


Innate Abilities, Weirdness & Mutations

You have sharp fingernails.


Message History

Search for what [Enter for "bra", or ? for help]? alt
Okay, then.
Okay, then.
Okay, then.
Okay, then.
Done exploring.
Done exploring.
There is a stone staircase leading down here.
You climb downwards.
There is a stone staircase leading up here.
There are monsters nearby!
There are monsters nearby!
Found 2 red potions.
Duvessa shouts!
You hear an angry growl.
Dowan shouts!
You barely miss Duvessa. You scratch Duvessa but do no damage.
You block Dowan's attack. Duvessa closely misses you.
You scratch Duvessa but do no damage. Dowan casts a spell at you.
The puff of flame misses you. You block Duvessa's attack.
You scratch Duvessa but do no damage. Dowan hits you with a +0 dagger.
A black bear comes into view.
Duvessa hits you with a +1 short sword of venom.
You are poisoned.
You barely miss Duvessa.
You feel very sick. Dowan barely misses you.
Duvessa hits you with a +1 short sword of venom.
You are more poisoned.
You scratch the black bear.
The black bear is lightly wounded.
You feel very sick.
Dowan gestures at Duvessa while chanting.
Duvessa seems to speed up.
The black bear bites you. The black bear barely misses you.
The black bear claws you. Duvessa closely misses you.
You feel very sick. Duvessa attacks as she pursues you!
Duvessa hits you with a +1 short sword of venom!
You die...

## ## ..
.##### #.
###..... ..
#.h..#####
#.#.ee.....!
#..@##.#####
##### #


You could see Duvessa (fast), a black bear and Dowan.

Vanquished Creatures
  An orc wizard (D:3)
  4 adders (D:2)
  A dart slug (D:1)
  A ribbon worm (D:3)
  3 orcs (D:3)
  3 bats
  3 endoplasms
  2 goblins
  2 hobgoblins (D:1)
  2 jackals (D:3)
  4 kobolds
  A quokka (D:3)
  7 ball pythons
  2 frilled lizards (D:2)
  A rat (D:3)
  A spectral hobgoblin (D:2)
38 creatures vanquished.

Notes
Turn   | Place    | Note
-------+----------+-------------------------------------------
     0 | D:1      | Gadfly the Demonspawn Monk began the quest for the Orb.
     0 | D:1      | Reached XP level 1. HP: 18/18 MP: 1/1
   382 | D:1      | You fall into a shaft and drop 1 floor!
   426 | D:2      | Gained mutation: You have sharp fingernails. [demonic
                  | ancestry]
   426 | D:2      | Reached XP level 2. HP: 10/24 MP: 2/2
   427 | D:2      | Reached skill level 1 in Evocations
   487 | D:2      | Reached skill level 1 in Shapeshifting
   597 | D:2      | Reached XP level 3. HP: 29/29 MP: 3/3
   630 | D:2      | Found a faded altar of an unknown god.
  1776 | D:3      | Reached XP level 4. HP: 17/35 MP: 4/4
  2023 | D:3      | Found an iron altar of Okawaru.
  2443 | D:4      | Noticed Duvessa
  2443 | D:4      | Noticed Dowan
  2448 | D:4      | Noticed a black bear
  2451 | D:4      | Slain by Duvessa

Illustrated notes

Levels and vault maps discovered:
D:1:      dpeg_arrival_shrine, layout_loops_ring, nrook_mini_vaults
D:2:      layout_basic, dreamdust_ecumenical_altar_drowned_temple
D:3:      layout_loops_ring, mainiacjoe_overflow_six_doors_small
D:4:      layout_loops_ring, minmay_temple_entry_grid, uniq_duvessa

Skill      XL: |  1  2  3  4 |
---------------+-------------+-----
Unarmed Combat | 3 |  3.4
Evocations     | 1 2 |  2.0
Shapeshifting  | 1 |  1.6
Dodging        | 3 |  3.1
Fighting       | |  3.0

Action                     |  1- 3 |  4- 6 || total
---------------------------+-------+-------++-------
  Melee: Unarmed           |    82 |    62 ||   144
    Use: Scroll            |     5 |     2 ||     7
   Stab: Sleeping          |     1 |       ||     1
 Armour: Robe              |    34 |    29 ||    63
  Dodge: Dodged            |    52 |    42 ||    94
  Block: Other             |     7 |    11 ||    18
         Reflection        |       |     1 ||     1
